Map: Abyssal Reef LE

Players

Probe

  • Race: Protoss Protoss
  • Spawn Location: 11:00

Neeb - Winner!

  • Race: Protoss Protoss
  • Spawn Location: 5:00

Event: WCS Valencia 2017

VOD

Have the link to the VOD?

Description

Time

  • Played on: July 14, 2017, 1:02 p.m.
  • Length: 11:43

All games in this series

Show
View Real Time Build Order
Export as new Build Order

Probe Protoss 

Build Orders:  

Get SALT Encoding   

  12  0:01  Probe (Chrono Boost)  
  13  0:11  Probe (Chrono Boost)  
  14  0:17  Pylon  
  14  0:22  Probe (Chrono Boost)  
  15  0:35  Probe (Chrono Boost)  
  16  0:36  Gateway  
  16  0:43  Assimilator  
  16  0:46  Probe (Chrono Boost)  
  17  0:51  Assimilator  
  17  0:56  Probe (Chrono Boost)  
  18  1:04  Gateway  
  18  1:07  Probe (Chrono Boost)  
  19  1:18  Probe (Chrono Boost)  
  20  1:23  Cybernetics Core  
  20  1:28  Probe (Chrono Boost)  
  21  1:35  Pylon  
  21  1:39  Probe (Chrono Boost)  
  22  1:49  Probe (Chrono Boost)  
  23  1:59  Stalker x2  
  23  2:00  Probe (Chrono Boost)  
  28  2:03  Warp Gate (Chrono Boost)  
  28  2:11  Mothership Core  
  30  2:19  Pylon  
  30  2:29  Stalker  
  31  2:37  Probe, Stalker  
  34  2:49  Probe  
  35  3:02  Probe  
  36  3:09  Nexus  
  36  3:15  Pylon  
  36  3:17  Probe  
  37  3:29  Probe, Twilight Council  
  38  3:41  Probe  
  39  3:50  Robotics Facility  
  39  3:52  Pylon  
  39  3:53  Probe  
  39  3:55  Sentry  
  42  3:59  Sentry  
  44  4:07  Probe (Chrono Boost)  
  45  4:12  Dark Shrine  
  45  4:19  Probe (Chrono Boost)  
  45  4:21  Probe (Chrono Boost)  
  47  4:30  Probe (Chrono Boost)  
  47  4:31  Probe (Chrono Boost)  
  48  4:33  Warp Prism (Chrono Boost)  
  51  4:40  Probe  
  51  4:41  Probe  
  53  4:47  Blink (Chrono Boost)  
  53  4:51  Assimilator  
  53  4:53  Probe x2  
  53  4:54  Assimilator  
  55  5:05  Observer, Probe x2  
  55  5:17  Probe x2  
  57  5:22  Pylon  
  57  5:28  Dark Templar x2  
  61  5:29  Probe x2  
  61  5:41  Probe  
  61  5:42  Probe  
  63  5:53  Probe  
  63  5:54  Probe  
  65  6:01  Dark Templar  
  65  6:05  Probe  
  65  6:06  Probe  
  65  6:07  Nexus  
  65  6:17  Probe  
  65  6:18  Probe  
  67  6:20  Sentry  
  67  6:21  Immortal  
  67  6:24  Pylon  
  67  6:28  Pylon  
  67  6:29  Probe  
  67  6:30  Probe  
  73  6:35  Stalker  
  75  6:40  Forge  
  75  6:41  Probe  
  75  6:42  Probe  
  75  6:45  Stalker  
  79  6:53  Probe, Gateway x2  
  80  7:03  Gateway  
  80  7:04  Gateway  
  80  7:09  Probe x2  
  82  7:15  Robotics Bay  
  82  7:19  Probe, Robotics Facility  
  82  7:21  Probe x2  
  82  7:22  Protoss Ground Weapons Level 1 (Chrono Boost)  
  85  7:30  Probe  
  85  7:33  Probe x2  
  85  7:36  Stalker x2  
  91  7:40  Probe  
  92  7:45  Pylon, Probe  
  92  7:50  Probe  
  92  7:51  Probe  
  94  7:52  Stalker x2  
  94  7:57  Assimilator x2  
  99  8:00  Pylon  
  99  8:01  Disruptor (Chrono Boost)  
  102  8:09  Disruptor (Chrono Boost)  
  103  8:15  Probe x2  
  102  8:24  Nexus  
  102  8:26  Sentry  
  102  8:27  Stalker x4  
  111  8:38  Probe  
  118  8:41  Disruptor (Chrono Boost)  
  118  8:47  Photon Cannon x2  
  109  9:05  Photon Cannon  
  109  9:06  Pylon  
  109  9:23  Probe  
  109  9:24  Pylon x2, Probe  
  107  9:28  Pylon  
  107  9:29  Photon Cannon  
  107  9:30  Pylon  
  109  9:34  Probe  
  109  9:36  Probe x2  
  109  9:37  Pylon  
  112  9:41  Disruptor (Chrono Boost)  
  112  9:44  Probe  
  112  9:45  Probe  
  115  9:46  Disruptor (Chrono Boost)  
  115  9:47  Pylon  
  115  9:48  Probe  
  118  10:01  Probe x3  
  118  10:02  Probe  
  118  10:05  Photon Cannon  
  122  10:13  Probe  
  123  10:21  Immortal x2  
  123  10:23  Templar Archives  
  123  10:25  Probe x3  
  134  10:31  Probe  
  134  10:33  Assimilator x2  
  135  10:36  Dark Templar  
  135  10:37  Probe  
  135  10:42  Dark Templar x2  
  142  10:48  Stalker x2, Archon  
  142  11:01  Immortal  
  131  11:12  Nexus  
  121  11:26  Stalker  
  121  11:27  Stalker x5  
Show
View Real Time Build Order
Export as new Build Order

Neeb Protoss - Winner!

Build Orders:  

Get SALT Encoding   

  12  0:00  Probe (Chrono Boost)  
  13  0:11  Probe (Chrono Boost)  
  14  0:17  Pylon  
  14  0:22  Probe (Chrono Boost)  
  15  0:35  Probe (Chrono Boost)  
  16  0:37  Gateway  
  16  0:42  Assimilator  
  16  0:45  Probe (Chrono Boost)  
  17  0:51  Assimilator  
  17  0:56  Probe (Chrono Boost)  
  18  1:04  Gateway  
  18  1:08  Probe (Chrono Boost)  
  20  1:18  Probe (Chrono Boost)  
  20  1:23  Cybernetics Core  
  20  1:29  Probe (Chrono Boost)  
  21  1:34  Pylon  
  21  1:39  Probe (Chrono Boost)  
  22  1:50  Probe (Chrono Boost)  
  23  2:00  Warp Gate (Chrono Boost)  
  23  2:01  Mothership Core (Chrono Boost), Adept  
  27  2:03  Adept  
  29  2:13  Pylon  
  29  2:18  Pylon  
  29  2:21  Probe  
  30  2:36  Stalker x2  
  34  2:58  Nexus  
  34  3:11  Robotics Facility  
  34  3:14  Probe  
  35  3:21  Pylon  
  35  3:26  Probe (Chrono Boost)  
  36  3:33  Pylon  
  36  3:37  Probe (Chrono Boost)  
  37  3:48  Probe (Chrono Boost)  
  38  3:50  Twilight Council  
  38  3:58  Probe (Chrono Boost)  
  38  4:00  Warp Prism (Chrono Boost)  
  41  4:05  Sentry  
  41  4:09  Probe  
  44  4:10  Probe  
  44  4:13  Sentry  
  47  4:20  Probe  
  47  4:22  Probe  
  49  4:27  Blink (Chrono Boost)  
  49  4:30  Observer  
  49  4:32  Probe  
  49  4:34  Probe  
  52  4:41  Sentry  
  52  4:42  Stalker  
  52  4:44  Probe  
  57  4:46  Probe  
  57  4:52  Pylon  
  58  4:54  Immortal  
  58  4:56  Probe  
  58  4:58  Probe  
  64  5:09  Probe  
  64  5:12  Probe  
  66  5:18  Nexus  
  66  5:21  Probe  
  67  5:23  Assimilator  
  67  5:24  Probe  
  68  5:28  Pylon  
  68  5:33  Probe  
  69  5:38  Probe  
  69  5:39  Observer  
  71  5:43  Assimilator  
  71  5:45  Probe  
  72  5:50  Forge, Pylon, Probe  
  72  5:56  Gateway x2  
  73  5:57  Probe  
  73  6:04  Probe  
  73  6:07  Stalker x2  
  73  6:09  Probe  
  77  6:15  Protoss Ground Weapons Level 1 (Chrono Boost)  
  77  6:16  Probe  
  78  6:21  Probe  
  78  6:22  Charge (Chrono Boost)  
  79  6:28  Probe, Immortal (Chrono Boost)  
  79  6:29  Probe  
  85  6:33  Probe  
  85  6:38  Pylon  
  86  6:40  Probe x2  
  86  6:45  Pylon, Probe  
  89  6:51  Stalker  
  89  6:52  Probe  
  89  6:53  Probe  
  93  6:57  Probe  
  93  6:59  Photon Cannon  
  93  7:01  Photon Cannon  
  94  7:04  Probe  
  96  7:10  Probe  
  96  7:11  Warp Prism (Chrono Boost)  
  96  7:13  Probe, Dark Shrine  
  99  7:16  Probe  
  99  7:22  Probe  
  101  7:24  Gateway  
  101  7:26  Gateway  
  101  7:28  Gateway  
  101  7:36  Probe x2, Gateway  
  103  7:37  Gateway  
  103  7:38  Probe  
  104  7:46  Nexus  
  104  7:50  Assimilator  
  104  7:51  Probe x2  
  104  7:53  Probe  
  104  7:54  Assimilator  
  107  8:02  Immortal (Chrono Boost)  
  111  8:17  Protoss Ground Weapons Level 2  
  107  8:25  Gateway  
  107  8:26  Dark Templar x3  
  107  8:27  Dark Templar, Gateway  
  113  8:28  Gateway  
  113  8:31  Pylon  
  113  8:36  Immortal (Chrono Boost)  
  117  8:44  Stargate  
  117  8:49  Stargate  
  117  8:50  Pylon  
  115  9:01  Probe  
  115  9:02  Probe x2  
  116  9:08  Immortal (Chrono Boost)  
  118  9:15  Dark Templar x2  
  118  9:17  Probe x2  
  118  9:18  Probe  
  118  9:20  Probe, Assimilator  
  118  9:22  Templar Archives  
  121  9:25  Assimilator  
  121  9:26  Pylon, Phoenix (Chrono Boost)  
  121  9:27  Zealot x7  
  135  9:32  Phoenix (Chrono Boost)  
  135  9:34  Phoenix (Chrono Boost)  
  135  9:37  Archon  
  139  9:39  Immortal  
  143  9:54  Photon Cannon  
  143  9:55  Pylon  
  143  9:56  Phoenix x2 (Chrono Boost)  
  147  10:06  High Templar x4  
  147  10:07  Zealot x4  
  161  10:13  Archon x2  
  163  10:16  Pylon x2  
  163  10:18  Pylon  
  163  10:19  Pylon  
  163  10:26  Fleet Beacon  
  163  10:35  High Templar x2  
  167  10:36  High Templar x2  
  167  10:37  Zealot x4  
  167  10:39  Zealot x3  
  167  10:40  Archon  
  167  10:41  Archon  
  185  10:54  Observer  
  185  10:56  Zealot  
  170  11:04  Phoenix x2 (Chrono Boost)  
  170  11:05  Zealot x7  
  173  11:13  Dark Templar x2  
  167  11:19  Stalker x2  
Tags
 
Add a new tag
Caveats
  • Supply blocks, unpowered buildings, or Contaminate may cause inaccurate times.
  • Supply counts are checked every 10 seconds.